 Dungeon Crawl Stone Soup version 0.18.1-47-g9310371 (webtiles) character file.

907 l3on the Archer (level 7, 0/45 HPs)
             Began as a High Elf Hunter on June 18, 2016.
             Was a Believer of Pakellas.
             Slain by Duvessa
             ... wielding a +0 short sword
              (5 damage)
             ... on level 5 of the Dungeon.
             The game lasted 00:56:54 (5858 turns).

l3on the Archer (High Elf Hunter)                   Turns: 5858, Time: 00:56:56

Health: 0/45       AC:  9    Str: 13    XL:     7   Next: 81%
Magic:  8/8        EV:  2    Int: 14    God:    Pakellas [**....]
Gold:   204        SH:  0    Dex: 17    Spells: 0 memorised, 6 levels left

rFire  . . .     SeeInvis .     a - +2 shortbow
rCold  . . .     Gourm    .     E - +0 chain mail
rNeg   . . .     Faith    .     (shield currently unavailable)
rPois  .         Spirit   .     (no helmet)
rElec  .         Dismiss  .     (no cloak)
rCorr  .         Reflect  .     (no gloves)
SustAt .         Harm     .     (no boots)
MR     .....                    (no amulet)
Stlth  ..........               (no ring)
                                (no ring)

@: not resistant to hostile enchantments, extremely unstealthy
A: no striking features
a: Quick Charge, Renounce Religion


You were on level 5 of the Dungeon.
You worshipped Pakellas.
Pakellas was pleased with you.
You were not hungry.

You visited 2 branches of the dungeon, and saw 6 of its levels.

You collected 204 gold pieces.

Inventory:

Hand Weapons
 a - a +2 shortbow (weapon)
 o - a +0 hand axe of freezing
 t - a +0 hunting sling
 y - a +0 scythe
 z - a +2 antimagic dagger
Missiles
 c - 17 bolts
 g - 11 sling bullets
 i - 228 stones (quivered)
Armour
 C - a +2 shield
 E - a +0 chain mail (worn)
 H - a +0 scale mail
 L - a +0 ring mail
Jewellery
 m - an uncursed ring of stealth {unknown}
Wands
 k - a wand of digging (14/24)
 B - a wand of teleportation (0/9)
 I - a wand of enslavement (3/24)
 K - a wand of random effects (22/48)
Scrolls
 e - a scroll of recharging
 u - 3 scrolls of remove curse
 v - 2 scrolls of identify
Potions
 h - 4 potions of curing
 j - 3 potions of lignification
Books
 b - a book of Enchantments

   Spells                             Type                      Level
   a - Cause Fear                     Hexes                        4
   b - Yara's Violent Unravelling     Hexes/Transmutation          5
   c - Silence                        Hexes/Air                    5
   d - Deflect Missiles               Charms/Air                   6
   e - Haste                          Charms                       6
   f - Discord                        Hexes                        8
Miscellaneous
 n - a box of beasts {used: 1}
Comestibles
 f - 2 bread rations
 l - 2 slices of pizza
 J - a meat ration


   Skills:
 + Level 2.2 Fighting
 + Level 11.0 Bows
 + Level 0.2 Throwing
 + Level 2.7 Armour
 + Level 3.2 Dodging
 + Level 2.0 Stealth
 + Level 1.2 Evocations


You had 6 spell levels left.
You didn't know any spells.

Dungeon Overview and Level Annotations

Branches:
Dungeon (5/15)             Temple (1/1) D:4

Altars:
Ashenzari
Cheibriados
Dithmenos
Elyvilon
Gozag
Kikubaaqudgha
Makhleb
Nemelex Xobeh
Okawaru
Pakellas
Qazlal
Sif Muna
Trog
Vehumet
Xom
Yredelemnul
Zin
The Shining One

Shops:
D:4 }

Annotations:
D:5 Dowan, Duvessa


Message History

Press: ? - help, Shift-Dir - straight line, f/p - Dowan
Aim: Dowan, wielding a dagger, wearing a robe and carrying a wand of slowing {zapped: 3} (heavily wounded)
You throw a stone. The stone hits Dowan.
Dowan is heavily wounded.
Duvessa hits you with a short sword. Dowan barely misses you.
Duvessa hits you with a short sword.
Throwing (i - inventory):
i - 229 stones (quivered)
Press: ? - help, Shift-Dir - straight line, f/p - Dowan
Aim: Dowan, wielding a dagger, wearing a robe and carrying a wand of slowing {zapped: 3} (heavily wounded)
You throw a stone. The stone hits Dowan.
Dowan is severely wounded.
Duvessa barely misses you.
Dowan points at you and mumbles some strange words.
The puff of flame hits you!
* * * LOW HITPOINT WARNING * * *
Duvessa hits you with a short sword.
* * * LOW HITPOINT WARNING * * *
Dowan zaps a wand.
You easily resist.
Duvessa hits you with a short sword.
You die...
Pakellas says: Time to find a new assistant...

##########
..........
#.......#
#.......#
##.......###
...........#
.......@.!.#
......ee...#
.....(.(...#
######..(..#
#.....#
#...(.#
#.....#
#.(....


You could see Duvessa and Dowan.

Vanquished Creatures
  Grinder (D:4)
  Sigmund (D:2)
  2 scorpions (D:4)
  A howler monkey (D:4)
  A hound (D:4)
  2 orc priests (D:4)
  Terence (D:2)
  Natasha (thrice) (D:2)
  2 worker ants (D:4)
  A hound skeleton (D:4)
  Robin (D:2)
  3 adders
  An ooze (D:4)
  3 worms
  A dart slug (D:1)
  2 giant geckos
  10 orcs
  3 ball pythons
  6 bats
  4 giant cockroaches
  16 goblins
  7 hobgoblins
  2 jackals (D:3)
  A quokka (D:3)
  7 giant newts
  12 kobolds
  17 rats
111 creatures vanquished.

Vanquished Creatures (collateral kills)
  An orc priest (D:4)
  An orc wizard (D:4)
  An orc (D:3)
  A giant cockroach (D:3)
4 creatures vanquished.

Vanquished Creatures (others)
  A manticore (D:2)
  2 orcs
3 creatures vanquished.

Grand Total: 118 creatures vanquished

Notes
Turn   | Place    | Note
--------------------------------------------------------------
     0 | D:1      | l3on the High Elf Hunter began the quest for the Orb.
     0 | D:1      | Reached XP level 1. HP: 14/14 MP: 2/2
   436 | D:1      | Reached XP level 2. HP: 19/19 MP: 3/3
   541 | D:1      | Reached skill level 6 in Bows
  1377 | D:1      | Reached XP level 3. HP: 20/24 MP: 4/4
  1748 | D:2      | Found a bloodstained altar of Trog.
  1752 | D:2      | Noticed Sigmund
  1765 | D:2      | Killed Sigmund
  1765 | D:2      | Reached skill level 7 in Bows
  1765 | D:2      | Reached skill level 1 in Armour
  1765 | D:2      | Reached XP level 4. HP: 29/29 MP: 5/5
  1765 | D:2      | Reached XP level 5. HP: 34/34 MP: 6/6
  1819 | D:2      | Noticed Robin
  1830 | D:2      | Killed Robin
  1830 | D:2      | Reached skill level 8 in Bows
  1976 | D:2      | Noticed Terence
  1988 | D:2      | Killed Terence
  2241 | D:2      | Noticed Natasha
  2246 | D:2      | Killed Natasha
  2438 | D:2      | Found an oddly glowing altar of Pakellas.
  2439 | D:2      | Noticed a manticore
  2442 | D:2      | Became a worshipper of Pakellas the Inventive
  2443 | D:2      | Killed a manticore
  2510 | D:2      | Reached XP level 6. HP: 39/39 MP: 7/7
  2860 | D:2      | Noticed Natasha
  2862 | D:2      | Killed Natasha
  2885 | D:2      | Found an oddly glowing altar of Pakellas.
  2923 | D:2      | Noticed Natasha
  2929 | D:2      | Killed Natasha
  3218 | D:3      | Reached skill level 9 in Bows
  3335 | D:3      | Reached * piety under Pakellas
  3335 | D:3      | Received a gift from Pakellas
  4229 | D:4      | Found Sonnoboc's Gadget Shoppe.
  4318 | D:4      | Noticed Grinder
  4342 | D:4      | Paralysed by Grinder for 7 turns
  4398 | D:4      | Killed Grinder
  4398 | D:4      | Reached skill level 10 in Bows
  4398 | D:4      | Reached skill level 1 in Evocations
  4398 | D:4      | Reached XP level 7. HP: 6/45 MP: 8/8
  5303 | D:4      | Found a staircase to the Ecumenical Temple.
  5325 | Temple   | Entered the Ecumenical Temple
  5566 | D:4      | Reached ** piety under Pakellas
  5566 | D:4      | Received a gift from Pakellas
  5619 | D:4      | Reached skill level 11 in Bows
  5838 | D:5      | Entered Level 5 of the Dungeon
  5838 | D:5      | Noticed Duvessa
  5838 | D:5      | Noticed Dowan
  5858 | D:5      | Slain by Duvessa

Skill      XL: |  1  2  3  4  5  6  7 |
---------------+----------------------+-----
Bows           | 6 7 8 10 11 | 11.0
Armour         | 1 2 |  2.7
Dodging        | 3 |  3.2
Stealth        | 2 |  2.0
Evocations     | 1 |  1.2
Fighting       | |  2.2
Throwing       | |  0.2

Action                   |  1- 3 |  4- 6 |  7- 9 || total
-------------------------+-------+-------+-------++-------
 Fire: Shortbow          |    87 |   187 |    50 ||   324
Throw: Stone             |       |     6 |    10 ||    16
Invok: Quick Charge      |       |       |     1 ||     1
Evoke: Wand              |       |    12 |       ||    12
       Box of beasts     |       |       |     1 ||     1
  Use: Potion            |     2 |     1 |       ||     3
       Scroll            |     3 |     4 |     1 ||     8
  Eat: Chunk             |     2 |     1 |       ||     3
       Bread ration      |       |     2 |     1 ||     3
       Beef jerky        |       |     1 |       ||     1
Armor: Leather armour    |    11 |     1 |       ||    12
       Chain mail        |       |    32 |     9 ||    41
Dodge: Dodged            |    24 |    25 |    12 ||    61
